 Dungeon Crawl Stone Soup version 0.24.0-5-g267a8d59f4 (webtiles) character file.

Game seed: 4686961622811128439, levelgen mode: deterministic

25 Lanoc the Chopper (level 2, -1/23 HPs)
             Began as a Demonspawn Gladiator on Nov 1, 2019.
             Killed by nerve-wracking pain
             ... invoked by an orc priest
              (10 damage)
             ... on level 3 of the Dungeon.
             The game lasted 00:00:57 (407 turns).

Lanoc the Chopper (Demonspawn Gladiator)             Turns: 407, Time: 00:00:57

Health: -1/23      AC:  4    Str: 12 (14) XL:     2   Next: 86%
Magic:  2/2        EV: 12    Int:  7 (9)  God:
Gold:   20         SH:  0    Dex: 13 (14) Spells: 1/1 levels left

rFire    . . .     SeeInvis .   a - +0 war axe
rCold    . . .     Gourm    .   (no shield)
rNeg     . . .     Faith    .   b - +0 leather armour
rPois    .         Spirit   .   c - +0 helmet
rElec    .         Reflect  .   (no cloak)
rCorr    .         Harm     .   (no gloves)
MR       .....                  (no boots)
Stlth    +.........             (no amulet)
HPRegen  0.07/turn              (no ring)
MPRegen  0.08/turn              (no ring)

@: flying
A: hooves 1
a: no special abilities


You were on level 3 of the Dungeon.
You were not hungry.

You visited 1 branch of the dungeon, and saw 3 of its levels.

You collected 20 gold pieces.

Inventory:

Hand Weapons
 a - a +0 war axe (weapon)
Missiles
 d - 3 throwing nets (quivered)
Armour
 b - a +0 leather armour (worn)
 c - a +0 helmet (worn)
Scrolls
 e - a scroll of teleportation {unknown}
 h - a scroll of enchant weapon {unknown}
Potions
 g - a potion of flight
 i - a potion of curing
Comestibles
 f - 3 rations


   Skills:
 + Level 2.4 Fighting
 * Level 3.2 Axes
 - Level 1.7 Throwing
 + Level 3.0 Dodging


You had one spell level left.
You didn't know any spells.
Your spell library was empty.

Dungeon Overview and Level Annotations

Branches:
Dungeon (3/15)

Altars:


Innate Abilities, Weirdness & Mutations

You have large cloven feet.


Message History

It was a potion of curing.
You feel better.
The orc priest hits you but does no damage.
The orc wizard barely misses you.
The orc priest looks braver for a moment.
It was a potion of degeneration.
There was something very wrong with that liquid.
You feel weakened.
You feel dopey.
You feel clumsy. The orc hits you with a +0 hand axe. The orc priest hits you.
The orc wizard mumbles some strange words.
The orc wizard blinks!
You hear some strange, mumbled words.
A puff of flame appears from out of thin air!
The puff of flame misses you.
You slash the orc!
You kill the orc!
You barely miss the orc priest.
The orc priest looks satisfied for a moment.
The orc priest mumbles some strange prayers to Beogh against you.
Pain shoots through your body!
You die...

.. ... #.... #.... #.#'#
#...# ####...# .
#..[...# #.# #.
###.###..##.# ..#.
#....{@#.##.# ....
#....o)#.##.# ##..#####
#....oo#..#.# #........
#......#..#.# #.#....##
#.....%.#..#.# #........
#.......#..#.#####....##
#..#.#..#........'....#
##......##...#####....#
##..#####....#


You could see 2 orc priests and an orc wizard.

Vanquished Creatures
  An ooze (D:1)
  A worm (D:2)
  A dart slug (D:2)
  An orc (D:3)
  2 bats (D:1)
  2 giant cockroaches
  3 goblins
  A hobgoblin (D:2)
  A frilled lizard (D:2)
  A kobold (D:1)
  A rat (D:1)
15 creatures vanquished.

Notes
Turn   | Place    | Note
-------+----------+-------------------------------------------
     0 | D:1      | Lanoc the Demonspawn Gladiator began the quest for the Orb.
     0 | D:1      | Reached XP level 1. HP: 16/16 MP: 1/1
   236 | D:1      | Gained mutation: You have large cloven feet. [demonic
                  | ancestry]
   236 | D:1      | Reached XP level 2. HP: 13/22 MP: 2/2
   407 | D:3      | Killed from afar by an orc priest

Levels and vault maps discovered:
D:1:      erik_arrival_cave_to_civilisation [erik_arrival_cave_to_hall],
          layout_basic, minmay_misc_feat_hallway, minmay_pentomino_o2
D:2:      layout_basic, cheibriados_altar_1
D:3:      layout_basic, vehumet_crystals, lemuel_crystal_altar,
          elyvilon_altar_3, nicolae_overflow_crystal_walls, serial_curves,
          eino_curves_01, eino_curves_01, glass_columns_a, grunt_decor_cap

Skill      XL: |  1  2 |
---------------+-------+-----
Axes           | 3 |  3.2
Dodging        | 3 |  3.0
Fighting       | |  2.4
Throwing       | |  1.7

Action                   || total
-------------------------++-------
Melee: War axe           ||    40
       Kick              ||     4
  Use: Potion            ||     3
Armor: Leather armour    ||    13
Dodge: Dodged            ||    31
